 Dungeon Crawl Stone Soup version 0.28-a0-1638-g9123634e07 (webtiles) character file.

Game seed: 10798139561678186865

30437 snarfax the Tortoise (level 13, -2/95 HPs)
             Began as a Minotaur Monk on Jan 24, 2022.
             Splashed with acid (6 damage)
             ... on level 1 of the Pits of Slime on Jan 25, 2022.
             The game lasted 00:42:58 (17600 turns).

snarfax the Tortoise (Minotaur Monk)               Turns: 17600, Time: 00:42:58

Health: -2/95      AC: 19    Str: 25    XL:     13   Next: 20%
Magic:  12/12      EV: 11    Int:  7    God:
Gold:   1982       SH:  0    Dex: 13    Spells: 12/12 levels left

rFire   + . .      SeeInvis +   g - +9 mace of Virtue {vorpal, Str+4}
rCold   . . .      Faith    .   e - +1 kite shield
rNeg    . . .      Spirit   .   c - +0 acid dragon scales
rPois   .          Reflect  .   (helmet restricted)
rElec   +          Harm     .   m - +1 cloak of Puorch {rElec SInv}
rCorr   +          Rampage  .   a - +0 pair of gloves
Will    +....                   v - +2 pair of boots
Stlth   +.........              (no amulet)
HPRegen 0.25/turn               f - ring of protection from fire
MPRegen 0.13/turn               N - ring of willpower

@: confused
A: horns 2, retaliatory headbutt
a: no special abilities


You were on level 1 of the Pits of Slime.
You visited 3 branches of the dungeon, and saw 15 of its levels.
You also visited: Sewer.

You collected 1982 gold pieces.

Inventory:

Hand Weapons
 g - the +9 mace of Virtue (weapon) {vorpal, Str+4}
   (You found it on level 2 of the Dungeon)

   It inflicts extra damage upon your enemies.
   Str:       It affects your strength (+4).
Missiles
 d - 3 throwing nets
Armour
 a - a +0 pair of gloves (worn)
 c - +0 acid dragon scales (worn)
 e - a +1 kite shield (worn)
 i - a +2 scale mail of fire resistance
 m - the +1 cloak of Puorch (worn) {rElec SInv}
   (You found it on level 3 of the Lair of Beasts)

   rElec:     It insulates you from electricity.
   SInv:      It lets you see invisible.
 v - a +2 pair of boots (worn)
 z - the +2 leather armour of Zaim {rPois}
   (You found it in a sewer)

   rPois:     It protects you from poison.
 H - a +0 plate armour
Jewellery
 f - a ring of protection from fire (left hand)
 r - a ring of flight
 G - an amulet of magic regeneration
 K - a ring of protection from fire
 M - a ring of wizardry
 N - a ring of willpower (right hand)
Wands
 h - a wand of polymorph (2)
 l - a wand of flame (65) (quivered)
 p - a wand of iceblast (4)
 F - a wand of charming (10)
Scrolls
 b - a scroll of enchant weapon
 k - a scroll of magic mapping {unknown}
 o - 3 scrolls of fear
 t - 3 scrolls of vulnerability
 w - 3 scrolls of teleportation
 x - a scroll of blinking
 y - a scroll of acquirement
 A - a scroll of enchant armour
 B - a scroll of torment {unknown}
 C - 2 scrolls of amnesia
 I - a scroll of fog {unknown}
 J - a scroll of holy word {unknown}
 L - a scroll of immolation {unknown}
Potions
 j - 2 potions of lignification {unknown}
 n - 3 potions of flight
 q - a potion of brilliance
 u - 4 potions of haste
 D - a potion of berserk rage
 E - a potion of mutation


   Skills:
 - Level 3.6 Fighting
 - Level 14.0 Maces & Flails
 + Level 17.6 Armour
 - Level 3.2 Dodging
 - Level 1.5 Stealth
 + Level 13.5 Shields
 - Level 5.0 Evocations


You had 12 spell levels left.
You didn't know any spells.
Your spell library contained the following spells:

 Spells                   Type           Power      Damage    Failure   Level
 Apportation              Tloc           0%         N/A       69%         1
 Pain                     Necr           0%         1d4       69%         1
 Scorch                   Fire           0%         2d5       83%         2
 Ignite Poison            Fire/Tmut/Pois 0%         N/A       96%         3
 Mephitic Cloud           Conj/Pois/Air  0%         N/A       96%         3
 Flame Wave               Conj/Fire      0%         2d4       100%        4
 Agony                    Necr           0%         N/A       100%        5
 Alistair's Intoxication  Tmut/Pois      0%         N/A       100%        5
 Excruciating Wounds      Necr           0%         N/A       100%        5
 Freezing Cloud           Conj/Ice/Air   0%         6-21      100%        5
 Summon Cactus Giant      Summ           0%         N/A       100%        6
 Borgnjor's Revivificati  Necr           0%         N/A       100%        8
 Necromutation            Tmut/Necr      0%         N/A       100%        8
 Death's Door             Necr           0%         N/A       100%        9


Dungeon Overview and Level Annotations

Branches:
Dungeon (9/15)             Temple (0/1) D:6            Lair (5/6) D:9
  Swamp (0/4) Lair:2       Spider (0/4) Lair:3        Slime (1/5) Lair:5
  Sewer (visited)
    Orc: D:9-12

Altars:
Dithmenos
Makhleb
Okawaru
Qazlal
Wu Jian
Xom
Zin

Annotations:
Lair:1 exclusion: 2 oklob plants


Innate Abilities, Weirdness & Mutations

You have a pair of horns on your head.
You reflexively headbutt those who attack you in melee.


Message History

The azure jelly hits you but does no damage.
You block the great orb of eyes's attack.
You are splashed with acid.
* * * LOW HITPOINT WARNING * * *
The golden eye turns its gaze towards you. x2
The golden eye blinks at you. You resist with almost no effort.
The golden eye blinks at you. You resist with almost no effort.
The golden eye blinks!
The great orb of eyes bites you but does no damage.
You are splashed with acid.
* * * LOW HITPOINT WARNING * * *
The golden eye blinks at you.
You easily resist.
The golden eye blinks at you.
You are confused.
The golden eye blinks at you. You resist with almost no effort.
The golden eye blinks at you. You resist with almost no effort.
The great orb of eyes barely misses you.
You feel better.
You are splashed with acid.
* * * LOW HITPOINT WARNING * * *
The golden eye blinks at you.
You easily resist.
The slime creature hits you.
* * * LOW HITPOINT WARNING * * *
The great orb of eyes gazes at you.
You easily resist.
An enormous slime creature splits.
The golden eye blinks at you.
You are confused.
The golden eye blinks at you.
You are more confused.
The slime creature hits you but does no damage.
You're too confused to move!
The golden eye blinks at you. You resist with some effort.
The slime creature hits you!
* * * LOW HITPOINT WARNING * * *
A large slime creature splits.
You are splashed with acid.
You die...

##.............
#............#
#.G......##
#J#.....^###
#J.........
##.JJ.......
##GGJJ##.....
#.....## .##.
##@.G..# #
#..<..##
#....## ##.###
###


You could see an azure jelly, a great orb of eyes, a large slime creature, 3
slime creatures and 2 golden eyes.

Vanquished Creatures
  Gastronok (Lair:1)
  Harold (D:7)
  5 hydras
  A two-headed ogre (D:9)
  An orb spider (Lair:3)
  A will-o-the-wisp (Lair:2)
  A deep elf pyromancer (D:9)
  Joseph (D:8)
  8 cane toads
  3 black mambas
  Maggie (D:7)
  4 rime drakes
  6 komodo dragons
  2 polar bears
  A hornet (D:9)
  5 slime creatures
  8 blink frogs
  9 dream sheep (Lair:4)
  2 wyverns
  40 yaks
  The ghost of fragbeetle the Slasher, an amateur PaAK of Lugonu (D:7)
  4 steam dragons
  6 basilisks
  Eustachio (D:4)
  4 water moccasins
  2 swamp worms (Lair:5)
  Menkaure (D:4)
  An acid dragon (D:8)
  18 wolves
  2 centaurs
  A necrophage (D:7)
  A kobold brigand (D:9)
  16 bullfrogs
  A gnoll sergeant (D:9)
  3 scorpions
  2 wyvern skeletons (D:6)
  9 killer bees
  3 wights (D:8)
  A centaur zombie (D:9)
  5 orc priests
  2 hounds (D:6)
  A jelly (D:7)
  Crazy Yiuf (D:2)
  3 iguanas
  3 orc wizards
  A howler monkey zombie (D:9)
  Robin (D:2)
  14 adders
  2 river rats (D:5)
  A white imp (D:6)
  5 worms
  4 dart slugs
  19 orcs
  11 endoplasms
  7 giant cockroaches
  11 goblins
  7 hobgoblins
  11 jackals
  10 kobolds
  10 quokkas
  19 ball pythons
  6 bats
  14 frilled lizards
  8 rats
  2 butterflies (D:4)
356 creatures vanquished.

Vanquished Creatures (others)
  2 orcs (D:8)
  4 foxfires (Lair:2)
  17 fungi
  36 plants
  6 withered plants (D:1)
65 creatures vanquished.

Grand Total: 421 creatures vanquished

Notes
Turn   | Place    | Note
-------+----------+-------------------------------------------
     0 | D:1      | snarfax the Minotaur Monk began the quest for the Orb.
     0 | D:1      | Reached XP level 1. HP: 19/19 MP: 0/0
   122 | D:1      | Reached XP level 2. HP: 19/26 MP: 1/1
   390 | D:1      | Reached skill level 5 in Maces & Flails
   432 | D:1      | Reached XP level 3. HP: 31/31 MP: 2/2
   587 | D:1      | Found a faded altar of an unknown god.
   760 | D:2      | Reached skill level 1 in Armour
   893 | D:2      | Identified the +9 mace of Virtue {vorpal, Str+4}
   895 | D:2      | Identified the +5 mace of Pukuaqun {venom, *Noise rElec
                  | rCorr Dex+5}
   902 | D:2      | Found a runed translucent door.
   903 | D:2      | Noticed Crazy Yiuf
   965 | D:2      | Killed Crazy Yiuf
   966 | D:2      | Reached skill level 2 in Armour
   966 | D:2      | Reached XP level 4. HP: 9/39 MP: 3/3
  1298 | D:2      | Noticed Robin
  1305 | D:2      | Killed Robin
  1899 | D:3      | Reached skill level 3 in Armour
  1899 | D:3      | Reached XP level 5. HP: 45/45 MP: 4/4
  1951 | D:3      | Found an iron altar of Okawaru.
  1951 | D:3      | Found a shadowy altar of Dithmenos.
  1966 | D:3      | Found a burning altar of Makhleb.
  2215 | D:4      | Noticed Menkaure
  2223 | D:4      | Killed Menkaure
  2224 | D:4      | Reached skill level 4 in Armour
  2224 | D:4      | Reached XP level 6. HP: 29/51 MP: 5/5
  2515 | D:4      | Found a shimmering altar of Xom.
  2520 | D:4      | Noticed Eustachio
  2523 | D:4      | Killed Eustachio
  2524 | D:4      | Reached skill level 5 in Armour
  2524 | D:4      | Reached skill level 1 in Evocations
  3008 | D:5      | Entered Level 5 of the Dungeon
  3027 | D:5      | Reached XP level 7. HP: 57/57 MP: 6/6
  3084 | D:5      | Found a glowing silver altar of Zin.
  3090 | D:5      | Found a stormy altar of Qazlal.
  3093 | D:5      | Found an ornate altar of the Wu Jian Council.
  3434 | D:5      | Reached skill level 6 in Armour
  3462 | D:5      | Found a glowing drain.
  3470 | Sewer    | Entered a sewer
  3709 | Sewer    | Identified the +2 leather armour of Zaim {rPois}
  3848 | D:5      | Reached skill level 7 in Armour
  4419 | D:6      | Reached skill level 1 in Shields
  4492 | D:6      | Found a staircase to the Ecumenical Temple.
  4562 | D:6      | Reached XP level 8. HP: 62/64 MP: 7/7
  4935 | D:6      | Reached skill level 8 in Armour
  5248 | D:6      | Reached skill level 9 in Armour
  5706 | D:7      | Noticed Maggie
  5722 | D:7      | Killed Maggie
  5723 | D:7      | Reached XP level 9. HP: 62/70 MP: 8/8
  6190 | D:7      | Noticed Harold
  6201 | D:7      | Killed Harold
  6202 | D:7      | Reached skill level 10 in Armour
  6202 | D:7      | Reached skill level 5 in Shields
  6381 | D:7      | Found a large runed translucent door.
  6382 | D:7      | Found a large runed translucent door.
  6386 | D:7      | Noticed fragbeetle's ghost (amateur PaAK)
  6395 | D:7      | Killed fragbeetle's ghost
  6396 | D:7      | Reached skill level 5 in Evocations
  6649 | D:8      | Reached skill level 11 in Armour
  6816 | D:8      | Reached XP level 10. HP: 55/77 MP: 9/9
  7194 | D:8      | Noticed Joseph
  7208 | D:8      | Killed Joseph
  7209 | D:8      | Reached skill level 10 in Maces & Flails
  7842 | D:9      | Noticed a two-headed ogre
  7849 | D:9      | Killed a two-headed ogre
  7850 | D:9      | Reached skill level 12 in Armour
  8006 | D:9      | Noticed a deep elf pyromancer
  8008 | D:9      | Found a staircase to the Lair.
  8040 | D:9      | Killed a deep elf pyromancer
  8377 | Lair:1   | Entered Level 1 of the Lair of Beasts
  8509 | Lair:1   | Noticed a cane toad
  8538 | D:9      | Reached skill level 13 in Armour
  8546 | D:9      | Killed a cane toad
  8766 | Lair:1   | Noticed a cane toad
  8775 | Lair:1   | Killed a cane toad
  9070 | Lair:1   | Reached XP level 11. HP: 82/82 MP: 10/10
  9072 | Lair:1   | Noticed a seven-headed hydra
  9094 | D:9      | Killed a seven-headed hydra
  9358 | D:9      | Reached skill level 14 in Armour
  9676 | Lair:1   | Noticed an oklob plant
  9676 | Lair:1   | Noticed an oklob plant
  9683 | Lair:1   | Noticed Gastronok
  9732 | Lair:1   | Killed Gastronok
  9889 | Lair:1   | Noticed a four-headed hydra
  9906 | Lair:1   | Killed a four-headed hydra
 10700 | Lair:2   | Upgraded the game from 0.28-a0-1629-gf728b707aa to
                  | 0.28-a0-1638-g9123634e07
 10816 | Lair:2   | Identified 2 scrolls of acquirement
 10816 | Lair:2   | Acquired 1282 gold pieces
 10908 | Lair:2   | Reached skill level 15 in Armour
 10977 | Lair:2   | Found a staircase to the Swamp.
 11412 | Lair:2   | Noticed a four-headed hydra
 11424 | Lair:2   | Noticed a seven-headed hydra
 11440 | Lair:1   | Killed a seven-headed hydra
 11441 | Lair:1   | Reached skill level 10 in Shields
 11644 | Lair:2   | Killed a four-headed hydra
 12141 | Lair:2   | Reached XP level 12. HP: 73/90 MP: 11/11
 12927 | Lair:3   | Identified the +1 cloak of Puorch {rElec SInv}
 13339 | Lair:3   | Found a hole to the Spider Nest.
 13791 | Lair:3   | Noticed a five-headed hydra
 13801 | Lair:3   | Killed a five-headed hydra
 14177 | Lair:3   | Reached skill level 16 in Armour
 16057 | Lair:4   | Reached skill level 17 in Armour
 16487 | Lair:4   | Reached XP level 13. HP: 83/95 MP: 12/12
 17172 | Lair:5   | Found a staircase to the Slime Pits.
 17193 | Slime:1  | Entered Level 1 of the Pits of Slime
 17584 | Slime:1  | Noticed an azure jelly
 17599 | Slime:1  | HP: 4/95 [slime creature (8)]
 17600 | Slime:1  | Splashed with acid

Illustrated notes

Levels and vault maps discovered:
D:1:      erik_arrival_blinker_ship, layout_rooms,
          ebering_ecumenical_altar_petrified
D:2:      layout_basic, uniq_crazy_yiuf_cottage, uniq_robin
D:3:      layout_basic, lightli_temple_of_fire, jmf_multi_god_temple,
          ebering_ghost_inner_flame, bh_walls_and_bars
D:4:      layout_gridville, xom_butterflies, uniq_menkaure, uniq_eustachio
D:5:      layout_basic, minitemple, lightli_sewer_entry_pipes,
          ebering_dispersal_statue_hall, minivault_25
D:6:      layout_basic, minmay_temple_entry_stoned_glass, lightli_orcish_oven
D:7:      layout_gridville, ebering_ghost_disaster_area, uniq_harold,
          uniq_maggie
D:8:      layout_loops_ring, nicolae_two_hexagons, uniq_joseph
D:9:      nzn_winding_woodlands_stair_cross [nzn_winding_woodlands_5x15_default,
          nzn_winding_woodlands_center_triple_pond,
          nzn_winding_woodlands_5x15_lazy_stream,
          nzn_winding_woodlands_5x5_perimeter,
          nzn_winding_woodlands_5x5_open_star, nzn_winding_woodlands_5x15_pool,
          nzn_winding_woodlands_center_garden,
          nzn_winding_woodlands_5x15_concentric], layout_gridville,
          david_lair_shrubbed
Lair:1:   minmay_lair_oklob_chamber, layout_cave_pods, uniq_gastronok
Lair:2:   layout_cave_pods, minmay_swamp_entry_wisps, st_stairs_10
Lair:3:   layout_cave_pods, nicolae_spider_entry_orb_guardian
Lair:4:   layout_cave_pods
Lair:5:   layout_loops_ring, slime_dummy, worms_lemuel, lemuel_fruit_fields
Slime:1:  layout_caves

Skill      XL: |  1  2  3  4  5  6  7  8  9 10 11 12 13 |
---------------+----------------------------------------+-----
Maces & Flails | 4 5 6 7 8 9 11 13 14 | 14.0
Armour         | 2 3 4 5 7 9 11 13 15 17 | 17.6
Evocations     | 1 2 4 5 |  5.0
Shields        | 1 4 6 8 10 12 13 | 13.5
Fighting       | |  3.6
Dodging        | |  3.2
Stealth        | |  1.5

Action                   |  1- 3 |  4- 6 |  7- 9 | 10-12 | 13-15 || total
-------------------------+-------+-------+-------+-------+-------++-------
Melee: Mace              |    90 |    62 |   234 |   557 |    93 ||  1036
       Headbutt          |    12 |     7 |    24 |   114 |    25 ||   182
Throw: Stone             |       |     3 |       |       |       ||     3
Evoke: Wand              |       |       |     5 |    12 |       ||    17
  Use: Scroll            |     2 |     6 |     1 |     8 |     2 ||    19
       Potion            |       |       |     1 |     2 |     2 ||     5
 Stab: Distracted        |       |     1 |       |       |       ||     1
       Sleeping          |       |       |     1 |     1 |       ||     2
Armor: Robe              |     6 |       |       |       |       ||     6
       Ring mail         |    14 |     4 |    25 |       |       ||    43
       Leather armour    |       |       |    26 |    34 |       ||    60
       Scale mail        |       |       |    27 |    31 |       ||    58
       Acid dragon scale |       |       |    19 |       |    14 ||    33
       Plate armour      |       |       |       |   188 |    23 ||   211
Dodge: Dodged            |    49 |    23 |   141 |   168 |    26 ||   407
Block: Kite shield       |       |       |    80 |   271 |    51 ||   402

Table legend: (Time is in decaauts)
 A = Elapsed time spent in this place.
 B = Non-inter-level travel time spent in this place.
 C = Inter-level travel time spent in this place.
 D = Time resting spent in this place.
 E = Time spent auto-exploring this place.
 F = Levels seen in this place.
 G = Mean time per level.
                   A        B        C        D        E       F      G
               +--------+--------+--------+--------+--------+-----+--------+
         Total |  17683 |  17301 |    382 |   4286 |   9432 |  16 | 1105.2 |
       Dungeon |   8783 |   8561 |    222 |   1467 |   5066 |   9 |  975.9 |
          Lair |   8408 |   8249 |    159 |   2723 |   4355 |   5 | 1681.6 |
    Slime Pits |    129 |    129 |      0 |     96 |      0 |   1 |  129.0 |
         Sewer |    362 |    362 |      0 |      0 |     11 |   1 |  362.0 |
               +--------+--------+--------+--------+--------+-----+--------+

Top non-repeatable levels by time:
  Lair:4: 2073 daAuts
  Lair:3: 2040 daAuts
  Lair:1: 1948 daAuts
  Lair:2: 1918 daAuts
     D:6: 1228 daAuts
     D:8: 1225 daAuts
     D:9: 1165 daAuts
     D:5: 1122 daAuts
     D:2: 1074 daAuts
     D:7: 1023 daAuts
     D:4: 940 daAuts
     D:1: 704 daAuts
  Lair:5: 426 daAuts
   Sewer: 362 daAuts
     D:3: 297 daAuts
